 Dungeon Crawl Stone Soup version 0.30.0-15-g856e2d3f33 (webtiles) character file.

Game seed: 15968608093512338130

14 Esekla the Grave Robber (level 2, -2/16 HPs)
             Began as a Tengu Necromancer on May 19, 2023.
             Slain by a kobold
             ... wielding a +4 short sword
              (5 damage)
             ... on level 1 of the Dungeon.
             The game lasted 00:02:46 (411 turns).

Esekla the Grave Robber (Tengu Necromancer)          Turns: 411, Time: 00:02:46

Health: -2/16      AC:  2    Str:  8    XL:     2   Next: 41%
Magic:  6/6        EV: 12    Int: 15    God:
Gold:   32         SH:  0    Dex: 14    Spells: 4/5 levels left

rFire   . . .        g - +0 short sword
rCold   . . .        (no shield)
rNeg    . . .        a - +0 robe
rPois   .            (helmet restricted)
rElec   .            (no cloak)
rCorr   .            (no gloves)
SInv    .            (boots unavailable)
Will    .....        (no amulet)
Stlth   ++           (no ring)
HPRegen 0.22/turn    (no ring)
MPRegen 0.10/turn

%: no passive effects
@: no status effects
A: beak, talons 3
a: no special abilities


You were on level 1 of the Dungeon.
You visited 1 branch of the dungeon, and saw 1 of its levels.

You collected 32 gold pieces.

Inventory:

Hand Weapons
 g - a +0 short sword (weapon)
Missiles
 c - 3 boomerangs (quivered)
Armour
 a - a +0 robe (worn)
Scrolls
 d - a scroll of identify {unknown}
 e - a scroll of blinking {unknown}
 f - a scroll of torment {unknown}
 h - a scroll of fear {unknown}
 i - a scroll of fog {unknown}
Potions
 b - a potion of magic


   Skills:
 * Level 0.3 Fighting
 * Level 2.4 Dodging
 + Level 2.0 Stealth
 * Level 2.0 Spellcasting
 + Level 4.8 Necromancy


You had 4 spell levels left.
You knew the following spells:

 Your Spells              Type           Power      Damage    Failure   Level
a - Necrotise             Necr           64%        1d7       3%          1

Your spell library contained the following spells:

 Spells                   Type           Power      Damage    Failure   Level
 Vampiric Draining        Necr           16%        2d7       9%          3
 Animate Dead             Necr           16%        N/A       30%         4
 Agony                    Necr           16%        N/A       63%         5


Dungeon Overview and Level Annotations

Branches:
Dungeon (1/15)

Altars:


Innate Abilities, Weirdness & Mutations

You have a beak for a mouth.
You have claws for feet.


Message History

You peck the giant cockroach.
The giant cockroach is almost dead.
The giant cockroach barely misses you.
You closely miss the giant cockroach. Your kick misses the giant cockroach.
The giant cockroach is almost dead.
The giant cockroach closely misses you.
You hit the giant cockroach.
You kill the giant cockroach!
Found a scroll labelled QUYBIC ATHONO.
You see here a giant cockroach corpse.
i - a scroll labelled QUYBIC ATHONO
Found a mace.
You now have 32 gold pieces (gained 11).
You see here a +0 mace.
A kobold comes into view. It is wielding a +4 short sword.
The kobold shouts!
The kobold hits you with a +4 short sword.
You closely miss the kobold. The kobold barely misses you.
You hit the kobold. Your peck misses the kobold.
The kobold is moderately wounded.
The kobold hits you with a +4 short sword.
You hit the kobold but do no damage. Your kick misses the kobold.
You peck the kobold, but do no damage.
The kobold is moderately wounded.
The kobold hits you with a +4 short sword.
You completely miss the kobold. Your kick misses the kobold.
The kobold is moderately wounded.
The kobold hits you with a +4 short sword.
* * * LOW HITPOINT WARNING * * *
The kobold attacks as you move away!
The kobold hits you with a +4 short sword.
* * * LOW HITPOINT WARNING * * *
You closely miss the kobold. Your kick misses the kobold.
The kobold is moderately wounded.
The kobold barely misses you.
You barely miss the kobold. Your kick misses the kobold.
Your peck misses the kobold.
The kobold is moderately wounded.
The kobold hits you with a +4 short sword.
You die...

##.###
#.###.####.####.#.
.....# #. #.# #.#
##.#.# #. #.. #.#
#.#.# #. ###. ...
#.#.# # #.. #.#.#
..## #.#.# ###
##.#.##############.#
...#....).......@K..#
.###.################
.# #.# ## #.# #.# #.#
#.# ###


You could see a kobold.

Vanquished Creatures
  A dart slug (D:1)
  An endoplasm (D:1)
  3 giant cockroaches (D:1)
  A kobold (D:1)
  A quokka (D:1)
  2 ball pythons (D:1)
  A frilled lizard (D:1)
  A goblin (D:1)
11 creatures vanquished.

Notes
Turn   | Place    | Note
-------+----------+-------------------------------------------
     0 | D:1      | Esekla the Tengu Necromancer began the quest for the Orb.
     0 | D:1      | Reached XP level 1. HP: 10/10 MP: 4/4
    37 | D:1      | Found a faded altar of an unknown god.
   150 | D:1      | Reached XP level 2. HP: 11/15 MP: 6/6
   411 | D:1      | Slain by a kobold

Illustrated notes

Levels and vault maps discovered:
D:1:      ldierk_walled_garden_2, layout_basic,
          hellmonk_ecumenical_altar_pennies_from_heaven

Action                     || total
---------------------------++-------
  Melee: Unarmed           ||    25
         Kick              ||    13
         Peck              ||     5
         Short sword       ||    15
   Stab: Sleeping          ||     2
 Armour: Robe              ||     7
  Dodge: Dodged            ||    27
